AoeStats
← ASTHAROTH

Black Forest

509666634Analyzed
2v2 RM · 5d ago on Sep 27, 2026· 53m 35s· 4 players
Game mode
Random Map
Map size
Medium (4 player)
Population
200
Speed
Normal
Resources
Standard
Victory
Conquest
Starting age
Dark Age
Ending age
Imperial Age
RankedLock teamsTeams togetherTeam positionsShared explorationLock speedFull tech treeHidden civsTurbo modeCheats
Victory
Defeat
🇧🇪 Bohemians · Belgium
981
+40
🇧🇪 Slavs · Belgium
864
+19
🇹🇷 Persians · Türkiye
951
-17
🇫🇷 Vikings · France
912
-45
ASTHAROTH
TidierCast1585
1:16 Loom
14:30 Feudal Age
17:06 Horse Collar
22:07 Castle Age
21:02 Wheelbarrow
22:06 Double-Bit Axe
26:30 Bow Saw
28:17 Heavy Plow
33:09 Imperial Age
34:30 Hand Cart
34:49 Crop Rotation
35:18 Scale Barding Armor
35:24 Forging
36:15 Conscription
36:29 Kamandaran
36:45 Gold Mining
38:22 Iron Casting
38:42 Chain Barding Armor
40:19 Blast Furnace
39:12 Fletching
39:23 Padded Archer Armor
38:46 Crossbowman
39:50 Thumb Ring
40:59 Gold Shaft Mining
41:05 Plate Barding Armor
41:02 Elite War Elephant
43:04 Two-Man Saw
41:51 Town Watch
42:32 Town Patrol
43:09 Bodkin Arrow
44:14 Leather Archer Armor
44:29 Ballistics
44:21 Masonry
45:33 Chemistry
45:11 Husbandry
45:22 Bloodlines
47:07 Architecture
46:35 Murder Holes
53:23 Ring Archer Armor
mesrine7711
12:36 Feudal Age
14:00 Double-Bit Axe
14:00 Horse Collar
18:37 Castle Age
20:01 Wheelbarrow
21:39 Stone Mining
21:40 Gold Mining
22:04 Bow Saw
22:33 Heavy Plow
23:33 Wheelbarrow
25:19 Hand Cart
25:47 Loom
25:48 Town Watch
29:24 Detinets
30:06 Gold Shaft Mining
34:15 Imperial Age
32:36 Town Patrol
32:47 Scale Barding Armor
32:43 Scale Mail Armor
33:17 Squires
32:37 Pikeman
33:25 Padded Archer Armor
33:36 Forging
33:17 Fletching
37:41 Two-Man Saw
37:19 Crop Rotation
37:55 Chemistry
37:16 Ballistics
37:07 Masonry
36:22 Capped Ram
37:27 Conscription
37:08 Druzhina
38:12 Hoardings
37:14 Halberdier
38:22 Elite Boyar
41:16 Siege Ram
43:58 Caravan
44:28 Coinage
45:26 Chain Barding Armor
46:49 Plate Barding Armor
46:31 Leather Archer Armor
46:32 Chain Mail Armor
46:52 Iron Casting
46:13 Bodkin Arrow
46:39 Guard Tower
47:50 Heavy Scorpion
50:02 Ring Archer Armor
52:21 Elite Skirmisher
Bibi-7711
11:38 Feudal Age
20:33 Double-Bit Axe
30:31 Castle Age
31:27 Wheelbarrow
33:57 Crossbowman
35:10 Horse Collar
36:19 Husbandry
36:24 Squires
36:31 Heavy Plow
37:58 Scale Mail Armor
43:59 Imperial Age
44:15 Cavalier
45:05 Scale Barding Armor
45:01 Padded Archer Armor
44:27 Elite Skirmisher
46:38 Conscription
51:37 Arbalester
51:42 Pikeman
51:48 Man-at-Arms
Connection lost

Rejoining the realm…

Still unreachable

The connection could not be restored.

Session expired

The server has moved on; the page needs a fresh start.